 Dungeon Sprint DCSS version 0.30.1-11-g7821555f0a (webtiles) character file.

Game seed: 5593848184168929002

9300000 Groucho the Axe Maniac (level 27, -83/273 HPs)
             Began as a Ghoul Warper on Dec 9, 2023.
             Was the Champion of Makhleb.
             Killed by dispel undead
             ... invoked by a wretched soul
              (147 damage)
             ... in the Dungeon (Sprint VIII: "Arena of Blood").
             The game lasted 00:04:05 (93 turns).

Groucho the Axe Maniac (Ghoul Warper)                 Turns: 93, Time: 00:04:05

Health: -83/273    AC:  6    Str: 19    XL:     27
Magic:  23/53      EV: 19    Int: 18    God:    Makhleb [******]
Gold:   0          SH:  0    Dex:  8    Spells: 80/80 levels left

rFire   . . .        i - +∞ Axe of Woe
rCold   + . .        (shield currently unavailable)
rNeg    + + +        b - +0 leather armour
rPois   ∞            (no helmet)
rElec   .            (no cloak)
rCorr   .            (no gloves)
SInv    .            (no boots)
Will    ++...        (no amulet)
Stlth   +++++++++    (no ring)
HPRegen 0.00/turn    (no ring)
MPRegen 0.33/turn

%: no teleportation
@: inhibited regen, slowed, very slow
A: claws 1, cold resistance 1, negative energy resistance 3, inhibited
regeneration, torment resistance 2, devour on kill
a: Renounce Religion, Minor Destruction, Lesser Servant of Makhleb, Major
Destruction, Greater Servant of Makhleb


You were in the Dungeon.
You worshipped Makhleb.
Makhleb was exalted by your worship.
You visited 1 branch

Inventory:

Hand Weapons
 a - a +0 hand axe
 i - the +∞ Axe of Woe (weapon)
   (You found it in the Dungeon)
Missiles
 d - 7 boomerangs of dispersal (quivered)
Armour
 b - a +0 leather armour (worn)
Jewellery
 j - a +30 ring of slaying
Scrolls
 c - 2 scrolls of blinking
Potions
 e - a potion of curing
 f - a potion of heal wounds
 g - a potion of haste
 h - 2 potions of magic


   Skills:
 O Level 27 Fighting
 + Level 25.3(27) Short Blades
 + Level 25.4(27) Long Blades
 O Level 27 Axes
 + Level 25.4(27) Maces & Flails
 + Level 25.4(27) Polearms
 + Level 25.4(27) Staves
 + Level 25.4 Ranged Weapons
 + Level 25.4 Throwing
 O Level 27 Armour
 O Level 27 Dodging
 O Level 27 Stealth
 + Level 25.5 Shields
 O Level 27 Unarmed Combat
 O Level 27 Spellcasting
 + Level 23.5 Conjurations
 + Level 23.5 Hexes
 + Level 25.4 Summonings
 O Level 27 Necromancy
 O Level 27 Translocations
 + Level 25.4 Transmutations
 + Level 23.5 Fire Magic
 O Level 27 Ice Magic
 + Level 23.6 Air Magic
 O Level 27 Earth Magic
 O Level 27 Poison Magic
 O Level 27 Invocations
 + Level 25.5 Evocations


You had 80 spell levels left.
You didn't know any spells.
Your spell library contained the following spells:

 Spells                   Type           Power      Damage    Failure   Level
 Blink                    Tloc           100%       N/A       0%          2
 Lesser Beckoning         Tloc           100%       N/A       0%          2
 Teleport Other           Tloc           88%        N/A       0%          3
 Vhi's Electric Charge    Tloc/Air       100%       N/A       0%          3
 Manifold Assault         Tloc           88%        N/A       0%          4


Dungeon Overview and Level Annotations

Branches:
Dungeon (1/1)

Altars:
Makhleb


Innate Abilities, Weirdness & Mutations

You are immune to poison.
You have sharp fingernails.
Your flesh is cold resistant. (rC+)
You are immune to negative energy. (rN+++)
You do not regenerate when monsters are visible.
You are immune to unholy pain and torment.
You thrive by killing the living.


Message History

Unknown command.
Press < or > to pray at altars.
Unknown command.
Press < or > to pray at altars.
You slash the bag of meat!
You pulverise the bag of meat into a thin bloody mist.
You kill the bag of meat!
Makhleb accepts your kill.
You feel better.
You are engulfed in blazing flames.
You hear a shout! x11; You feel something staring at you.
Something smites you!
You hear a roar!
Unknown command.
Press < or > to pray at altars.
A demon appears!
You hear a shout! x5
The destroyer is engulfed in blazing flames.
You hear a shout! x4
Something bites your blizzard demon but does no damage.
You hear a shout! x4
The destroyer hits you with a +9 heavy great sword!!!!!
Ouch! That really hurt!
* * * LOW HITPOINT WARNING * * *
The destroyer bites you.
* * * LOW HITPOINT WARNING * * *
You hear a shout!
You hear two shouts!
Unknown command.
Press < or > to pray at altars.
Unknown command.
Press < or > to pray at altars.
You slice the destroyer!!
You hew the destroyer savagely.
You destroy the destroyer!
Makhleb accepts your kill.
You hear two shouts!
You hear a shout! x5
Something bites your blizzard demon but does no damage.
You hear a shout! x3
Deactivating autopickup; reactivate with Ctrl-A.
You convulse!
Ouch! That really hurt!
You die...

.. .. ... .V. #W.
..# . #.. ..# .
..###.. ..###..
......###......
.....2)@)......
.....#.))).#....
... #_)Oo_# .
.....#.))))#....
.......)_).......
......{###...X...
.o###.. ..###.. .
#.. ..# o #.. ..#


You could see a large bag of meat (inner flame), a bag of meat and a friendly
blizzard demon (summoned).

Vanquished Creatures
  3 hell beasts (D)
  3 royal mummies (D)
  5 wraiths (D)
  11 vampire knights (D)
  28 ogres (D)
  7 two-headed ogres (D)
  4 liches (D)
  2 hydras (D)
  2 phantoms (D)
  34 orcs (D)
  3 skeletal warriors (D)
102 creatures vanquished.

Notes
Turn   | Place    | Note
-------+----------+-------------------------------------------
     0 | D        | Found the +∞ Axe of Woe
     0 | D        | Groucho the Ghoul Warper began the quest for the Orb.
     0 | D        | Reached XP level 1. HP: 17/17 MP: 2/2
     4 | D        | Became a worshipper of Makhleb the Destroyer
     5 | D        | Noticed a bag of meat
     6 | D        | Noticed a meat berserker
     6 | D        | Noticed a meat berserker
     7 | D        | Noticed a meat berserker
     8 | D        | Killed a meat berserker
     8 | D        | Noticed a bag of meat
     9 | D        | Reached XP level 2. HP: 24/24 MP: 2/13
     9 | D        | Reached XP level 3. HP: 29/29 MP: 2/15
     9 | D        | Reached XP level 4. HP: 36/36 MP: 2/16
     9 | D        | Reached XP level 5. HP: 41/41 MP: 2/18
     9 | D        | Reached XP level 6. HP: 48/48 MP: 2/19
     9 | D        | Reached XP level 7. HP: 55/55 MP: 2/21
     9 | D        | Reached XP level 8. HP: 61/61 MP: 2/22
     9 | D        | Reached XP level 9. HP: 67/67 MP: 2/23
     9 | D        | Reached XP level 10. HP: 73/73 MP: 2/24
     9 | D        | Reached XP level 11. HP: 79/79 MP: 2/25
     9 | D        | Reached XP level 12. HP: 85/85 MP: 2/26
     9 | D        | Noticed a meat berserker
     9 | D        | Noticed a meat berserker
    10 | D        | Killed a bag of meat
    10 | D        | Reached * piety under Makhleb
    11 | D        | Noticed a bag of meat
    11 | D        | Killed a meat berserker
    11 | D        | Killed a meat berserker
    11 | D        | Noticed a bag of meat
    11 | D        | Noticed a meat berserker
    12 | D        | Reached skill level 15 in Spellcasting
    12 | D        | Reached XP level 13. HP: 50/91 MP: 2/31
    12 | D        | Reached XP level 14. HP: 54/99 MP: 2/32
    13 | D        | Killed a bag of meat
    13 | D        | Reached ** piety under Makhleb
    14 | D        | Reached skill level 5 in Stealth
    14 | D        | Killed a meat berserker
    15 | D        | Reached XP level 15. HP: 102/104 MP: 3/34
    16 | D        | Killed a meat berserker
    16 | D        | Reached *** piety under Makhleb
    18 | D        | Killed a meat berserker
    19 | D        | Reached XP level 16. HP: 109/111 MP: 3/37
    20 | D        | Noticed a destroyer
    20 | D        | Noticed a large bag of meat
    21 | D        | Noticed a large bag of meat
    21 | D        | Noticed a meat berserker
    22 | D        | Killed a large bag of meat
    22 | D        | Noticed a destroyer
    23 | D        | Reached skill level 27 in Axes
    24 | D        | Noticed a meat berserker
    25 | D        | Reached **** piety under Makhleb
    25 | D        | Killed a meat berserker
    26 | D        | Reached XP level 17. HP: 116/116 MP: 5/40
    26 | D        | Noticed a large bag of meat
    27 | D        | Killed a destroyer
    27 | D        | Killed a large bag of meat
    28 | D        | Killed a destroyer
    28 | D        | Reached ***** piety under Makhleb
    28 | D        | Noticed a large bag of meat
    29 | D        | Reached XP level 18. HP: 112/123 MP: 6/44
    30 | D        | Killed a meat berserker
    33 | D        | Noticed a large bag of meat
    35 | D        | Killed a large bag of meat
    35 | D        | Killed a large bag of meat
    35 | D        | Noticed a meat berserker
    36 | D        | Reached skill level 27 in Armour
    36 | D        | Reached skill level 27 in Stealth
    36 | D        | Reached skill level 27 in Spellcasting
    36 | D        | Reached skill level 27 in Translocations
    36 | D        | Reached XP level 19. HP: 74/135 MP: 8/49
    36 | D        | Noticed a destroyer
    37 | D        | Noticed a meat berserker
    37 | D        | Noticed a meat berserker
    38 | D        | Killed a destroyer
    39 | D        | Noticed a destroyer
    40 | D        | Noticed a sculptor of flesh
    40 | D        | Noticed an eight-headed meat hydra
    41 | D        | Killed a meat berserker
    41 | D        | Killed a meat berserker
    41 | D        | Reached ****** piety under Makhleb
    42 | D        | Noticed a destroyer
    43 | D        | Killed a meat berserker
    43 | D        | Noticed a meat berserker
    44 | D        | Reached XP level 20. HP: 192/192 MP: 10/50
    45 | D        | Noticed a meat berserker
    45 | D        | Noticed a meat berserker
    47 | D        | Noticed a meat berserker
    47 | D        | Noticed a meat berserker
    47 | D        | Noticed a meat berserker
    48 | D        | Killed a meat berserker
    48 | D        | Killed a destroyer
    48 | D        | Noticed a meat berserker
    48 | D        | Noticed a meat berserker
    49 | D        | Reached skill level 27 in Dodging
    49 | D        | Noticed a destroyer
    49 | D        | Noticed a meat berserker
    50 | D        | Killed a meat berserker
    51 | D        | Reached skill level 27 in Fighting
    51 | D        | Reached skill level 10 in Unarmed Combat
    51 | D        | Reached skill level 10 in Invocations
    51 | D        | Noticed a meat berserker
    51 | D        | Killed a meat berserker
    52 | D        | Reached XP level 21. HP: 224/224 MP: 12/51
    52 | D        | Killed a meat berserker
    52 | D        | Killed a meat berserker
    53 | D        | Noticed a large bag of meat
    53 | D        | Noticed a meat berserker
    54 | D        | Killed a meat berserker
    54 | D        | Killed a meat berserker
    54 | D        | Noticed a destroyer
    55 | D        | Reached skill level 27 in Unarmed Combat
    55 | D        | Reached skill level 27 in Invocations
    55 | D        | Reached XP level 22. HP: 233/233 MP: 13/52
    56 | D        | Reached skill level 5 in Ice Magic
    56 | D        | Reached skill level 5 in Earth Magic
    57 | D        | Reached skill level 5 in Short Blades
    57 | D        | Reached skill level 5 in Long Blades
    57 | D        | Reached skill level 5 in Maces & Flails
    57 | D        | Reached skill level 5 in Polearms
    57 | D        | Reached skill level 5 in Staves
    57 | D        | Reached skill level 5 in Ranged Weapons
    57 | D        | Reached skill level 5 in Throwing
    57 | D        | Reached skill level 5 in Shields
    57 | D        | Reached skill level 5 in Conjurations
    57 | D        | Reached skill level 5 in Hexes
    57 | D        | Reached skill level 5 in Summonings
    57 | D        | Reached skill level 5 in Transmutations
    57 | D        | Reached skill level 5 in Air Magic
    57 | D        | Reached skill level 5 in Evocations
    57 | D        | Noticed an accursed
    58 | D        | Reached skill level 5 in Fire Magic
    58 | D        | Noticed an accursed
    58 | D        | Killed a destroyer
    58 | D        | Killed an accursed
    58 | D        | Noticed a tyrant
    58 | D        | Noticed an accursed
    58 | D        | Noticed a destroyer
    59 | D        | Reached skill level 10 in Necromancy
    59 | D        | Reached skill level 10 in Poison Magic
    59 | D        | Reached XP level 23. HP: 223/240 MP: 14/53
    59 | D        | Killed a large bag of meat
    60 | D        | Reached skill level 10 in Short Blades
    60 | D        | Reached skill level 10 in Long Blades
    60 | D        | Reached skill level 10 in Maces & Flails
    60 | D        | Reached skill level 10 in Polearms
    60 | D        | Reached skill level 10 in Staves
    60 | D        | Reached skill level 10 in Ranged Weapons
    60 | D        | Reached skill level 10 in Throwing
    60 | D        | Reached skill level 10 in Shields
    60 | D        | Reached skill level 10 in Summonings
    60 | D        | Reached skill level 10 in Transmutations
    60 | D        | Reached skill level 10 in Evocations
    60 | D        | Noticed a large bag of meat
    60 | D        | Noticed a destroyer
    61 | D        | Noticed a tyrant
    62 | D        | Reached skill level 10 in Conjurations
    62 | D        | Reached skill level 10 in Hexes
    62 | D        | Reached skill level 10 in Fire Magic
    62 | D        | Reached skill level 10 in Air Magic
    62 | D        | Killed a large bag of meat
    62 | D        | Noticed a tyrant
    63 | D        | Reached XP level 24. HP: 205/249 MP: 15/53
    63 | D        | Noticed a dread
    63 | D        | Killed a destroyer
    63 | D        | Killed a tyrant
    64 | D        | Reached skill level 15 in Ice Magic
    64 | D        | Reached skill level 15 in Earth Magic
    64 | D        | Noticed a destroyer
    64 | D        | Killed a destroyer
    64 | D        | Noticed a tyrant
    65 | D        | Reached skill level 15 in Necromancy
    65 | D        | Reached skill level 15 in Poison Magic
    65 | D        | Reached XP level 25. HP: 199/257 MP: 15/53
    65 | D        | Noticed a destroyer
    67 | D        | Reached skill level 15 in Short Blades
    67 | D        | Reached skill level 15 in Long Blades
    67 | D        | Reached skill level 15 in Maces & Flails
    67 | D        | Reached skill level 15 in Polearms
    67 | D        | Reached skill level 15 in Staves
    67 | D        | Reached skill level 15 in Ranged Weapons
    67 | D        | Reached skill level 15 in Throwing
    67 | D        | Reached skill level 15 in Shields
    67 | D        | Reached skill level 15 in Summonings
    67 | D        | Reached skill level 15 in Transmutations
    67 | D        | Reached skill level 15 in Evocations
    68 | D        | Noticed a dread
    68 | D        | Killed a tyrant
    69 | D        | Killed a destroyer
    69 | D        | Noticed a dread
    70 | D        | Reached skill level 15 in Conjurations
    70 | D        | Reached skill level 15 in Hexes
    70 | D        | Reached skill level 15 in Fire Magic
    70 | D        | Reached skill level 15 in Air Magic
    70 | D        | Reached XP level 26. HP: 217/266 MP: 16/53
    72 | D        | Noticed a dread
    73 | D        | Killed a dread
    73 | D        | Killed a destroyer
    76 | D        | Killed a large bag of meat
    77 | D        | Reached XP level 27. HP: 230/273 MP: 18/53
    77 | D        | Killed an accursed
    77 | D        | Noticed a dread
    78 | D        | Killed a dread
    79 | D        | Killed a dread
    80 | D        | Killed a dread
    81 | D        | Noticed a meat beast
    81 | D        | Noticed a meat beast
    82 | D        | Killed a meat beast
    82 | D        | Killed an accursed
    84 | D        | Killed a meat beast
    85 | D        | Reached skill level 27 in Ice Magic
    85 | D        | Killed a destroyer
    86 | D        | Reached skill level 27 in Earth Magic
    86 | D        | Killed a tyrant
    87 | D        | Noticed a meat beast
    87 | D        | Killed a tyrant
    87 | D        | Noticed a large bag of meat
    89 | D        | Killed a meat beast
    89 | D        | Killed a dread
    90 | D        | Reached skill level 27 in Necromancy
    90 | D        | Reached skill level 27 in Poison Magic
    93 | D        | Killed a destroyer
    93 | D        | Killed from afar by a wretched soul

Illustrated notes

Levels and vault maps discovered:
D:        meatsprint

Skill      XL: |  1  2  3  4  5  6  7  8  9 10 11 12 13 14 15 16 17 18 19 20 21 22 23 24 25 26 27 |
---------------+----------------------------------------------------------------------------------+-----
Axes           | 17 22 24 26 27 | 27.0
Armour         | 12 16 17 19 22 24 27 | 27.0
Spellcasting   | 11 15 16 18 20 23 27 | 27.0
Translocations | 12 16 18 19 22 25 27 | 27.0
Stealth        | 9 14 19 25 27 | 27.0
Fighting       | 4 19 27 | 27.0
Dodging        | 4 22 27 | 27.0
Unarmed Combat | 18 27 | 27.0
Invocations    | 18 27 | 27.0
Short Blades   | 3 9 12 14 16 19 25 | 25.3
Long Blades    | 3 9 12 13 16 19 25 | 25.4
Maces & Flails | 3 9 12 13 16 19 25 | 25.4
Polearms       | 3 9 12 14 16 19 25 | 25.4
Staves         | 3 9 12 13 16 19 25 | 25.4
Ranged Weapons | 3 9 12 13 16 19 25 | 25.4
Throwing       | 3 9 12 13 16 19 25 | 25.4
Shields        | 3 9 12 14 16 19 25 | 25.5
Conjurations   | 2 8 11 12 15 17 23 | 23.5
Hexes          | 2 8 11 12 15 17 23 | 23.5
Summonings     | 3 9 12 13 16 19 25 | 25.4
Necromancy     | 3 10 13 15 17 20 27 | 27.0
Transmutations | 3 9 12 13 16 19 25 | 25.4
Fire Magic     | 2 8 11 12 15 17 23 | 23.5
Ice Magic      | 3 11 14 16 19 22 27 | 27.0
Air Magic      | 2 8 11 12 15 17 23 | 23.6
Earth Magic    | 3 11 14 16 19 22 27 | 27.0
Poison Magic   | 3 10 13 15 17 20 27 | 27.0
Evocations     | 3 9 12 13 16 19 25 | 25.5

Action                     |  1- 3 |  4- 6 |  7- 9 | 10-12 | 13-15 | 16-18 | 19-21 | 22-24 | 25-27 || total
---------------------------+-------+-------+-------+-------+-------+-------+-------+-------+-------++-------
  Melee: Executioner's axe |     1 |       |       |     2 |     4 |     7 |     9 |    10 |    25 ||    58
 Invoke: Greater Servant o |       |       |       |       |       |       |       |       |     1 ||     1
  Dodge: Dodged            |       |       |       |       |       |       |     1 |       |     1 ||     2
